 Dungeon Crawl Stone Soup version 0.19.5 (webtiles) character file.

810 Gargoyl the Skirmisher (level 7, -4/60 HPs)
             Began as a Ghoul Abyssal Knight on Apr 3, 2017.
             Was a Believer of Lugonu.
             Killed from afar by Schimscham's ghost (20 damage)
             ... with a flame tongue
             ... in an ossuary.
             The game lasted 00:10:15 (3519 turns).

Gargoyl the Skirmisher (Ghoul Abyssal Knight)       Turns: 3519, Time: 00:10:16

Health: -4/60      AC: 13    Str: 16    XL:     7   Next: 92%
Magic:  8/9        EV:  5    Int:  7    God:    Lugonu [**....]
Gold:   344        SH: 13    Dex: 10    Spells: 0 memorised, 6 levels left

rFire  . . .     SeeInvis .     a - +2 hand axe
rCold  + . .     Gourm    .     g - +0 pearl dragon scales
rNeg   + + +     Faith    .     i - +1 large shield
rPois  ∞         Spirit   .     (no helmet)
rElec  .         Reflect  .     (no cloak)
rCorr  .         Harm     .     (no gloves)
MR     .....                    l - +0 pair of boots
Stlth  ..........               (no amulet)
                                (no ring)
                                (no ring)

@: rotting
A: rotting body, claws 1, carnivore 3, cold resistance 1, negative energy
resistance 3, slow regeneration 1, torment resistance, unbreathing
a: Depart the Abyss, Bend Space, Renounce Religion


You were in an ossuary.
You worshipped Lugonu.
Lugonu was pleased with you.
You were not hungry.

You visited 1 branch of the dungeon, and saw 5 of its levels.
You visited the Abyss 1 time.
You also visited: Ossuary.

You collected 344 gold pieces.

Inventory:

Hand Weapons
 a - a +2 hand axe (weapon)
Missiles
 w - 2 tomahawks (quivered)
Armour
 g - +0 pearl dragon scales (worn)
 i - a +1 large shield (worn)
 l - a +0 pair of boots (worn)
Jewellery
 j - an uncursed ring of ice {unknown}
 B - an uncursed ring of flight {unknown}
Wands
 b - a wand of confusion (12/48)
 v - a wand of polymorph (3/24)
Scrolls
 k - a scroll of recharging
 m - 5 scrolls of identify
 q - a scroll of teleportation
 s - a scroll of enchant weapon
 x - a scroll of enchant armour
 z - a scroll of remove curse {unknown}
Potions
 e - a potion of curing
 f - a potion of mutation {unknown}
 h - 2 potions of lignification
 n - a potion of cancellation {unknown}
 o - 2 potions of cure mutation {unknown}
 p - a potion of might {unknown}
 r - a potion of brilliance {unknown}
 t - a potion of heal wounds {unknown}
 u - 2 potions of flight {unknown}
Books
 y - a book of Necromancy

   Spells                             Type                      Level
   a - Pain                           Necromancy                   1
   b - Animate Skeleton               Necromancy                   1
   c - Vampiric Draining              Necromancy                   3
   d - Regeneration                   Charms/Necromancy            3
   e - Animate Dead                   Necromancy                   4
   f - Control Undead                 Necromancy                   4
Comestibles
 c - a meat ration
 d - a beef jerky
 A - a slice of pizza


   Skills:
 + Level 4.5 Fighting
 + Level 4.3 Axes
 * Level 4.0 Armour
 + Level 2.2 Dodging
 + Level 2.3 Shields
 * Level 4.2 Invocations
 + Level 0.5 Evocations


You had 6 spell levels left.
You didn't know any spells.

Dungeon Overview and Level Annotations

Branches:
Dungeon (5/15)
 Temple: D:4-7

Altars:
Ashenzari
Vehumet

Annotations:
Ossuary Schimscham's ghost, amateur DgFE


Innate Abilities, Weirdness & Mutations

Your body is rotting away.
You thrive on raw meat.
You are immune to poison.
You have sharp fingernails.
You are carnivorous and can eat meat at any time.
Your flesh is cold resistant. (rC+)
You are immune to negative energy. (rN+++)
You regenerate slowly when monsters are visible.
You are immune to unholy pain and torment.
You can survive without breathing.


Message History

You block the mummy's attack.
You hit the mummy.
You destroy the mummy!
Lugonu accepts your kill.
Okay, then.
You start resting.
Schimscham's ghost (amateur Demigod Fire Elementalist) opens the door.
It is wielding a weapon of speed.
Okay, then.
It was a potion of lignification.
You feel woody for a moment.
Schimscham's ghost says, "I love the smell of burning flesh."
Schimscham's ghost says, "I love the smell of burning flesh."
Space bends sharply around you!
You blink.
* * * LOW HITPOINT WARNING * * *
An adder zombie comes into view.
You block Schimscham's ghost's attack. You block Schimscham's ghost's attack.
An adder zombie comes into view.
Schimscham's ghost casts a spell at you.
The flame tongue hits you!
You die...

#...#
#...#
.....
..Z ...
##Z##
#...#
#.@.#
#...#
#.W.#
##...##
#.....#
#.#.#.#
#######


You could see Schimscham's ghost and 2 adder zombies.

Vanquished Creatures
  2 sky beasts (D:5)
  An ogre (D:4)
  2 scorpions
  A crimson imp (D:5)
  A howler monkey (D:4)
  A centaur zombie (D:5)
  A hound (D:4)
  Jessica (D:2)
  Natasha (D:4)
  3 worker ants
  A killer bee zombie (D:5)
  3 mummies (Ossuary)
  A gnoll (D:3)
  6 adders
  An ooze (D:1)
  2 dart slugs (D:1)
  3 leopard geckos
  9 orcs
  5 bats
  2 giant cockroaches
  9 goblins
  8 hobgoblins
  4 jackals (D:1)
  9 frilled lizards
  3 kobolds
  8 rats
88 creatures vanquished.

Notes
Turn   | Place    | Note
-------+----------+-------------------------------------------
     0 | Abyss:1  | Gargoyl the Ghoul Abyssal Knight began the quest for the Orb.
     0 | Abyss:1  | Reached XP level 1. HP: 19/19 MP: 1/1
     1 | Abyss:1  | Found a corrupted altar of Lugonu.
    39 | Abyss:3  | Noticed an iron imp
    51 | Abyss:3  | Noticed a large abomination
    84 | Abyss:3  | Noticed a wretched star
   121 | Abyss:4  | Noticed an ancient zyme
   131 | Abyss:4  | Noticed an alligator simulacrum
   131 | Abyss:4  | Noticed a large abomination
   131 | Abyss:4  | Noticed a rakshasa
   131 | Abyss:4  | Noticed an efreet
   131 | Abyss:4  | Noticed a smoke demon
   132 | Abyss:4  | Noticed a tentacled monstrosity
   132 | D:1      | Escaped the Abyss
   341 | D:1      | Reached XP level 2. HP: 26/26 MP: 2/2
   384 | D:1      | Reached skill level 1 in Dodging
   426 | D:1      | Reached * piety under Lugonu
   453 | D:1      | Reached XP level 3. HP: 32/33 MP: 3/3
   727 | D:2      | Noticed Jessica
   735 | D:2      | Killed Jessica
   735 | D:2      | Reached XP level 4. HP: 38/40 MP: 4/4
  1382 | D:3      | Found a radiant altar of Vehumet.
  1770 | D:3      | Reached ** piety under Lugonu
  1994 | D:3      | Reached XP level 5. HP: 46/46 MP: 6/6
  2359 | D:4      | Reached XP level 6. HP: 27/52 MP: 7/7
  2469 | D:4      | Reached skill level 1 in Shields
  2553 | D:4      | Found a shattered altar of Ashenzari.
  2737 | D:4      | Noticed Natasha
  2754 | D:4      | Killed Natasha
  2914 | D:5      | Entered Level 5 of the Dungeon
  2937 | D:5      | Reached XP level 7. HP: 48/59 MP: 8/8
  3462 | D:5      | Found a sand-covered staircase.
  3471 | Ossuary  | Entered an ossuary
  3512 | Ossuary  | Noticed Schimscham's ghost (amateur DgFE)
  3519 | Ossuary  | Killed from afar by Schimscham's ghost

Skill      XL: |  1  2  3  4  5  6  7 |
---------------+----------------------+-----
Axes           | 2 3 4 |  4.3
Armour         | 2 3 4 |  4.0
Dodging        | 1 2 |  2.2
Fighting       | 4 |  4.5
Invocations    | 3 4 |  4.2
Shields        | 1 2 |  2.3
Evocations     | |  0.5

Action                   |  1- 3 |  4- 6 |  7- 9 || total
-------------------------+-------+-------+-------++-------
Melee: Hand axe          |    70 |   231 |   151 ||   452
Invok: Depart the Abyss  |     1 |       |       ||     1
       Bend Space        |       |       |     1 ||     1
Evoke: Wand              |       |       |     5 ||     5
  Use: Scroll            |     3 |     4 |       ||     7
       Potion            |       |     1 |     3 ||     4
  Eat: Chunk             |     7 |    18 |     4 ||    29
Armor: Plate armour      |     7 |       |       ||     7
       Pearl dragon scal |    41 |   160 |    79 ||   280
       Leather armour    |     1 |       |       ||     1
Dodge: Dodged            |    35 |    36 |    12 ||    83
Block: Large shield      |       |   129 |   114 ||   243
